[Event "Romanian GP Final KO 2023"]
[Site "Alba Iulia"]
[Date "2023.12.05"]
[Round "3.1"]
[White "Ardelean, George-Catalin"]
[Black "Nanu, Costica-Ciprian"]
[Result "1-0"]
[ECO "B13"]
[WhiteElo "2433"]
[BlackElo "2524"]
[Annotator "RC"]
[PlyCount "117"]
[EventDate "2023.12.04"]
[EventType "k.o."]
[EventCountry "ROU"]
[SourceTitle "playchess.com"]
[Source "ChessBase"]
[SourceQuality "1"]
[TimeControl "900+5"]

1. e4 c6 2. d4 d5 3. exd5 cxd5 4. Bf4 Nc6 5. c3 Bf5 6. Nf3 e6 7. Nbd2 Bd6 8. Bxd6 Qxd6 9. Nh4 Bg6 10. Nxg6 hxg6 11. Nf3 Nf6 12. Bd3 a6 13. Qe2 Qc7 14. g3 Ne7 15. Kf1 Nf5 16. Kg2 Nd6 17. Ng5 Qe7 18. h4 Nh7 19. Qe5 Kf8 20. Rae1 Re8 21. Qf4 Kg8 22. Nf3 Nf8 23. Re2 b5 24. Rhe1 Nc4 25. Ng5 Qf6 26. Qg4 Rc8 27. Bb1 a5 28. b3 Nd6 29. Re3 b4 30. cxb4 axb4 31. Rf3 Nf5 32. Bxf5 gxf5 33. Qf4 Ng6 34. Qd2 Rb8 35. Rc1 Nxh4+ 36. gxh4 Rxh4 37. Rc7 Rxd4 38. Qc1 Rf8 39. Rg3 Rg4 40. f4 Rxg3+ 41. Kxg3 Qg6 42. Rc8 Qh5 43. Rxf8+ Kxf8 44. Qc5+ Ke8 45. Qb5+ Ke7 46. Qxb4+ Kf6 47. Qc3+ Kg6 48. Qf3 Qh8 49. b4 Qb8 50. Qb3 e5 51. Nf3 exf4+ 52. Kg2 Qe8 53. Qxd5 Qe2+ 54. Kg1 f6 55. Nh4+ Kh5 56. Qf3+ Qxf3 57. Nxf3 Kg4 58. Kf2 g5 59. b5 1-0

[Event "Romanian GP Final KO 2023"]
[Site "Alba Iulia"]
[Date "2023.12.05"]
[Round "3.1"]
[White "Secheres, Adrian-Simion"]
[Black "David, Alexandru-Vasile"]
[Result "1-0"]
[ECO "D35"]
[WhiteElo "2381"]
[BlackElo "2372"]
[Annotator "RC"]
[PlyCount "65"]
[EventDate "2023.12.04"]
[EventType "k.o."]
[EventCountry "ROU"]
[SourceTitle "playchess.com"]
[Source "ChessBase"]
[SourceQuality "1"]
[TimeControl "900+5"]

1. d4 d5 2. c4 e6 3. Nc3 Nf6 4. Nf3 Nbd7 5. Bf4 Bb4 6. cxd5 exd5 7. e3 Ne4 8. Nd2 Nxc3 9. bxc3 Bxc3 10. Rc1 Ba5 11. Bd3 c6 12. O-O Bc7 13. Bxc7 Qxc7 14. e4 dxe4 15. Nxe4 O-O 16. Qh5 h6 17. Rfe1 Qf4 18. g3 Nf6 19. Qc5 Qg4 20. Nxf6+ gxf6 21. h4 Be6 22. Re4 Qf3 23. Re3 Qd5 24. Qe7 Qxd4 25. Rxe6 Qxd3 26. Rxf6 Qd2 27. Rf1 Rab8 28. Rf4 f5 29. Qe6+ Kg7 30. Qe5+ Kg6 31. Rd4 Qxa2 32. Rd6+ Kh5 33. Qg7 1-0

[Event "Romanian GP Final KO 2023"]
[Site "Alba Iulia"]
[Date "2023.12.05"]
[Round "3.1"]
[White "Serban, Cristian-Stefan"]
[Black "Lupulescu, Constantin"]
[Result "0-1"]
[ECO "E01"]
[WhiteElo "2332"]
[BlackElo "2581"]
[Annotator "TA"]
[PlyCount "118"]
[EventDate "2023.12.04"]
[EventType "k.o."]
[EventCountry "ROU"]
[SourceTitle "playchess.com"]
[Source "ChessBase"]
[SourceQuality "1"]
[TimeControl "900+5"]

1. d4 Nf6 2. c4 e6 3. Nf3 d5 4. g3 Bb4+ 5. Bd2 Bd6 6. Bg2 {[%emt 0:00:05] E01: Catalan: Early deviations.} c6 7. O-O Nbd7 8. Bc3 {[%emt 0:00:05] The position is equal.} Ne4 9. Nbd2 f5 10. Nxe4 fxe4 11. Ne5 {[%emt 0:00:02] [#]} O-O $146 ({Predecessor:} 11... Nxe5 12. dxe5 Be7 13. f4 O-O 14. Rc1 b6 15. h4 Ba6 16. Bh3 Qd7 17. b3 Rad8 {1-0 Lemaire,M (1973)-Faust,D (1940) W-ch WS/H/957 email 2023}) 12. f4 Nxe5 13. dxe5 Bc5+ 14. Bd4 Qb6 15. e3 Bd7 16. Rf2 Bxd4 17. exd4 a5 (17... dxc4 18. Bxe4 Be8 19. Rc1 $16) 18. Rc1 a4 19. c5 Qa5 20. Rc3 b6 21. a3 Rab8 22. Bh3 b5 23. g4 (23. Qd2 $1 $11) 23... b4 $15 24. Rg3 bxa3 25. Rxa3 Rb4 26. f5 (26. Qe1 $15) 26... Qb5 $17 27. Bf1 {[%emt 0:01:21] [#]} (27. fxe6 $17 {was necessary.} Bxe6 28. Rxf8+ Kxf8 29. Bf1) 27... Qb8 $1 $19 28. Rxa4 exf5 29. gxf5 Bxf5 (29... Rxb2 30. Rxb2 Qxb2 31. e6 $17) (29... Rxf5 30. Rxb4 Qxb4 31. Qd2 Qxd2 32. Rxd2 $15) 30. Qa1 $2 (30. Rxb4 $17 Qxb4 31. h3) 30... e3 31. Rxf5 {[%emt 0:03:23] [#]} Rxa4 $1 (31... Rxf5 $2 32. Ra8 $18) 32. Qxa4 Rxf5 33. Qxc6 {[%emt 0:00:02][%mdl 4096] Endgame KQR-KQB} Qf8 (33... Qxb2 $2 34. Qxd5+ Kf8 35. Qd6+ Ke8 36. Qe6+ Kd8 37. Qxf5 $18) 34. Qxd5+ Kh8 35. Bd3 Rf2 $2 (35... Rf1+ {mates} 36. Kg2 e2 {[%mdl 64] Decoy} 37. Bxe2 Qf2+ 38. Kh3 Qe3+ 39. Kh4 g5+ 40. Kg4 Qf4+ 41. Kh3 Qh4+ 42. Kg2 Rf2+ 43. Kh1 Qxh2#) 36. Qe4 $36 {[%emt 0:00:14][%csl Gd3,LRe3,LRh7][%cal Re4h7][%mdl 2048] White has good play.} g6 {[%emt 0:00:04][%cal Of2f1] The board is on fire.} 37. e6 Qe7 $2 (37... Rxb2 $2 38. Qxe3 (38. Qe5+ Kg8 $16) 38... Qb8 39. Qh6 $18) (37... Rf1+ 38. Kg2 Qf2+ 39. Kh3 $16) (37... Qb8 $11 38. Qe5+ (38. Qxe3 $2 Qxh2#) 38... Qxe5 39. dxe5 Kg7) 38. Qxe3 $18 Rxb2 39. d5 {[%emt 0:00:09] d6 would kill now.} Ra2 40. Qe5+ $2 ({White should try} 40. Bc4 $18 {White threatens Qe5+ and mate.} Ra1+ 41. Kg2) 40... Kg8 $11 41. d6 $2 {[%emt 0:00:04][%mdl 8192] White is now going downhill.} (41. Be2 $11) 41... Qb7 $4 (41... Qh4 $19 42. Qe2 Rxe2 43. Bxe2 Qe1+ 44. Bf1 Qxe6) 42. Be4 $4 (42. Be2 $18 Qb1+ 43. Kf2) 42... Qb3 43. Bg2 Qd1+ (43... Qc2 $142 44. Qg3 Qxc5+ 45. Kf1 Qf5+ 46. Bf3 Qd3+ 47. Ke1 Qd2+ 48. Kf1 Ra1+ 49. Bd1 Rxd1+ 50. Qe1 Rxe1#) 44. Bf1 $19 Qd2 45. Qg3 {[%emt 0:00:05] Prevents Qf2+.} Qd4+ 46. Kh1 Qd5+ (46... Qxc5 47. Qb3 Qc6+ 48. Kg1 Qc5+ 49. Kh1 Qc6+ 50. Kg1 Qc5+ 51. Kh1 $11) 47. Kg1 {[%emt 0:00:05] Strongly threatening Qe3.} Qxc5+ (47... Qxe6 48. Qf4 Ra1 49. Qd4 $11) 48. Kh1 Qd5+ 49. Kg1 Qxe6 {[%emt 0:00:05] And now ...Rd2 would win.} 50. d7 Qb6+ (50... Qxd7 51. Bc4+ Kg7 52. Qc3+ (52. Bxa2 Qd4+ 53. Qf2 Qg4+ 54. Kf1 Qd1+ 55. Qe1 Qf3+ 56. Kg1 Qg4+ 57. Qg3 Qd4+ 58. Qf2 Qg4+ 59. Kh1 Qd1+ 60. Qg1 Qf3+ 61. Qg2 Qd1+ 62. Qg1 Qf3+ 63. Qg2 Qd1+ 64. Qg1 $11) 52... Kh6 53. Qe3+ (53. Bxa2 Qa7+ 54. Kf1 Qxa2 $11) 53... Kg7 54. Bxa2 $16) 51. Kh1 Qc6+ (51... Ra1 52. Qb3+ Qxb3 53. d8=Q+ Kf7 54. Qd7+ Kf8 55. Qd8+ Kf7 56. Qd7+ Kf8 57. Qd8+ Kf7 $11) 52. Kg1 Qc5+ (52... Qxd7 53. Bc4+ Kg7 54. Qe5+ (54. Bxa2 Qd4+ 55. Qf2 Qg4+ 56. Qg3 Qd4+ 57. Qf2 Qg4+ 58. Kf1 Qd1+ 59. Qe1 Qf3+ 60. Kg1 Qg4+ 61. Qg3 Qd4+ $11) 54... Kh6 55. Qe3+ (55. Bxa2 Qa7+ 56. Kf1 Qxa2 $11) 55... Kg7 56. Bxa2 $16) 53. Kh1 Qd5+ 54. Kg1 Qd4+ (54... Qxd7 55. Bc4+ Kg7 56. Qc3+ (56. Bxa2 Qd4+ 57. Qf2 Qd1+ 58. Qf1 Qg4+ 59. Qg2 Qd4+ 60. Qf2 Qd1+ 61. Qf1 Qg4+ 62. Qg2 Qd4+ 63. Qf2 $11) 56... Kh6 57. Qe3+ (57. Bxa2 Qa7+ 58. Kf1 Qxa2 $11) 57... Kg7 58. Bxa2 $16) 55. Kh1 Rd2 {[%emt 0:00:09][%cal Og8g7] ...Kg7! is the strong threat.} ({Weaker is} 55... Qxd7 56. Qb3+ (56. Bc4+ Kg7 $11) 56... Kg7 57. Qxa2 $11) 56. d8=R+ Qxd8 57. Bc4+ Kg7 {[%emt 0:00:17] ( -> ...Qf6)} 58. Qe5+ Qf6 59. Qc7+ Kh6 {[%emt 0:00:01] Weighted Error Value: White=1.42/Black=0.20 (precise)} 0-1

[Event "Romanian GP Final KO 2023"]
[Site "Alba Iulia"]
[Date "2023.12.05"]
[Round "3.1"]
[White "Ciolacu, Alessia-Mihaela"]
[Black "Toma, Radu-Cristian"]
[Result "0-1"]
[ECO "D27"]
[WhiteElo "2175"]
[BlackElo "2387"]
[Annotator "RC"]
[PlyCount "132"]
[EventDate "2023.12.04"]
[EventType "k.o."]
[EventCountry "ROU"]
[SourceTitle "playchess.com"]
[Source "ChessBase"]
[SourceQuality "1"]
[TimeControl "900+5"]

1. d4 d5 2. c4 dxc4 3. e3 Nf6 4. Bxc4 a6 5. Nf3 e6 6. O-O Nbd7 7. a4 c5 8. Qe2 Bd6 9. dxc5 Bxc5 10. Nc3 O-O 11. e4 Qc7 12. Bg5 Ng4 13. Rac1 Bd6 14. h3 Nh2 15. Nxh2 Bxh2+ 16. Kh1 Bf4 17. Bxf4 Qxf4 18. Rfd1 Ne5 19. Ba2 Nc6 20. Rd2 h6 21. Rcd1 b6 22. Rd6 Bb7 23. Rd7 Rab8 24. Bc4 Ne5 25. R7d4 Nxc4 26. Rxc4 Rfd8 27. Rcd4 Rxd4 28. Rxd4 Rc8 29. Qd2 Qxd2 30. Rxd2 Bc6 31. f3 Kf8 32. Kg1 Ke7 33. Kf2 f6 34. Ke3 Be8 35. Rd4 a5 36. h4 Rc5 37. g4 h5 38. Kd3 g5 39. hxg5 Rxg5 40. gxh5 Bxh5 41. f4 Rg2 42. b3 Be8 43. e5 fxe5 44. fxe5 Rg5 45. Kc4 Rxe5 46. Rh4 Rc5+ 47. Kd3 Bg6+ 48. Kd2 Rg5 49. Rh8 Rg2+ 50. Ne2 Kd6 51. Rg8 Be4 52. Rxg2 Bxg2 53. Ke3 Bd5 54. Nc1 e5 55. Kd3 Kc5 56. Kc3 Bc6 57. Nd3+ Kd5 58. Nb2 b5 59. axb5 Bxb5 60. b4 a4 61. Nd1 e4 62. Ne3+ Ke5 63. Nc4+ Bxc4 64. Kxc4 e3 65. Kd3 a3 66. b5 a2 0-1

[Event "Romanian GP Final KO 2023"]
[Site "Alba Iulia"]
[Date "2023.12.05"]
[Round "3.1"]
[White "Obada, Ema"]
[Black "Ghimpu, Samuel-Timotei"]
[Result "0-1"]
[ECO "B45"]
[WhiteElo "2035"]
[BlackElo "2472"]
[Annotator "RC"]
[PlyCount "94"]
[EventDate "2023.12.04"]
[EventType "k.o."]
[EventCountry "ROU"]
[SourceTitle "playchess.com"]
[Source "ChessBase"]
[SourceQuality "1"]
[TimeControl "900+5"]

1. e4 c5 2. Nf3 e6 3. d4 cxd4 4. Nxd4 Nf6 5. Nc3 Nc6 6. Nxc6 bxc6 7. e5 Nd5 8. Ne4 Bb7 9. Be2 c5 10. O-O Qc7 11. Nd6+ Bxd6 12. exd6 Qc6 13. f3 Qb6 14. c4 Nb4 15. Be3 a5 16. Qd2 O-O 17. f4 Be4 18. Bf3 f5 19. b3 Bxf3 20. Rxf3 a4 21. Rd1 axb3 22. axb3 Ra2 23. Qc3 Rc2 24. Qe5 Nc6 25. Qxc5 Qxb3 26. Rc1 Ra8 27. Rxc2 Qxc2 28. h3 Qb1+ 29. Rf1 Qd3 30. Bf2 Ra5 31. Qb6 Qxd6 32. c5 Qd5 33. Qb7 Ra2 34. Qb1 Rd2 35. Qa1 h6 36. Qa8+ Kh7 37. Qa1 Qe4 38. Qc3 Rd3 39. Qc1 Nd4 40. Bxd4 Qxd4+ 41. Kh1 Rd2 42. Rg1 Qxf4 43. c6 dxc6 44. Qxc6 e5 45. Qb5 e4 46. Rf1 Rf2 47. Rxf2 Qxf2 0-1

[Event "Romanian GP Final KO 2023"]
[Site "Alba Iulia"]
[Date "2023.12.05"]
[Round "3.2"]
[White "Lupulescu, Constantin"]
[Black "Serban, Cristian-Stefan"]
[Result "0-1"]
[ECO "B44"]
[WhiteElo "2581"]
[BlackElo "2332"]
[Annotator "TA"]
[PlyCount "96"]
[EventDate "2023.12.04"]
[EventType "k.o."]
[EventCountry "ROU"]
[SourceTitle "playchess.com"]
[Source "ChessBase"]
[SourceQuality "1"]
[TimeControl "900+5"]

1. e4 c5 2. Nf3 e6 3. d4 cxd4 4. Nxd4 Nf6 5. Bd3 Nc6 6. Nxc6 bxc6 7. c4 d5 8. exd5 {[%emt 0:00:51] B44: Sicilian: Taimanov: 5 Nb5.} cxd5 {[%emt 0:00:09] [#]} 9. Nc3 $146 ({Predecessor:} 9. O-O Be7 10. Nc3 O-O 11. Qe2 dxc4 12. Bxc4 Bb7 13. Be3 Qc7 14. Rfd1 Qc6 15. f3 Bc5 16. Bb5 Qb6 17. Bxc5 Qxc5+ 18. Qf2 Qg5 19. Rd6 Rfd8 20. Rxd8+ Rxd8 {0-1 Balint,V (2333)-Anisimov,P (2533) Budapest FS12 GM 2018 (7)}) 9... dxc4 10. Bxc4 {[%emt 0:00:05] The position is equal.} Qxd1+ 11. Kxd1 Bc5 12. Ke2 Bb7 13. f3 Ke7 14. Be3 Rac8 {[%emt 0:00:11] [#] And now ...Bxe3 would win.} 15. Bb3 Bxe3 16. Kxe3 g5 17. Rhd1 Rc5 18. Rd4 h5 19. Bc2 g4 20. Be4 Nxe4 21. fxe4 Bc6 22. Rc1 {[%emt 0:00:41][%cal Oc3d5] [#] Strongly threatening Nd5+!} Re5 {[%emt 0:01:13] Inhibits Nd5+.} (22... e5 $11 23. Rd2 Ke6) 23. Ne2 $16 Rc8 24. Rdc4 Kd7 25. Kf4 (25. Nf4 $14) 25... Ra5 26. a3 Bb7 $1 27. Rxc8 Bxc8 $14 {[%emt 0:00:02][%mdl 4096] Endgame KRB-KRN} 28. g3 Bb7 29. Rd1+ Ke7 30. e5 Bf3 31. Rd2 Ra4+ 32. Rd4 Ra5 33. Nc3 f6 34. exf6+ Kxf6 {[%emt 0:00:02] Hoping for ...e5+.} 35. Ke3 Re5+ 36. Kf2 Rf5 37. Ke3 Ke5 38. Ra4 Bd5 39. Nxd5 $11 {[%emt 0:00:22] KRN-KR} ({Reject} 39. Rxa7 Rf3+ 40. Ke2 Bc4+ 41. Ke1 Rf1+ 42. Kd2 Rf2+ 43. Ke3 Rxb2 $15) 39... Rf3+ 40. Kd2 exd5 41. Rxa7 {[%emt 0:00:22] KR-KR} Ke4 42. Re7+ Kd4 43. Re2 Kc4 44. Kc2 d4 {[%emt 0:00:01][%cal Bd5d4,Bd4d3][%mdl 32] ( -> ...d3+)} 45. Rd2 (45. Kd2 $11) 45... d3+ $19 46. Kb1 Rf1+ {[%emt 0:00:19] Black mates.} 47. Ka2 Kd4 48. b4 Ke5 $4 {[%emt 0:06:20][%mdl 40960] Weighted Error Value: White=0.39/Black=0.10 (very precise) . Sensor Board Error (Ke4/e5)?} (48... Ke3 {mates} 49. Rb2 Rf2 50. Rxf2 Kxf2 51. b5 d2 52. b6 d1=Q 53. Kb2 Ke3 54. b7 Qd6 55. b8=B Qxb8+ 56. Kc3 Qb5 57. Kc2 Qc6+ 58. Kb2 Kd3 59. Kb3 Qb6+ 60. Ka4 Kc4 61. h4 Qb5#) 0-1

[Event "Romanian GP Final KO 2023"]
[Site "Alba Iulia"]
[Date "2023.12.05"]
[Round "3.2"]
[White "Gavrilescu, David"]
[Black "Petkov, Momchil"]
[Result "1/2-1/2"]
[ECO "B30"]
[WhiteElo "2534"]
[BlackElo "2499"]
[Annotator "TA"]
[PlyCount "35"]
[EventDate "2023.12.04"]
[EventType "k.o."]
[EventCountry "ROU"]
[SourceTitle "playchess.com"]
[Source "ChessBase"]
[SourceQuality "1"]
[TimeControl "900+5"]

1. e4 c5 2. Nf3 Nc6 3. Bb5 Nf6 4. Nc3 Qc7 5. O-O Nd4 6. Re1 a6 7. Bf1 {[%emt 0:00:03] B30: Sicilian: 2...Nc6 3 Bb5, lines without ...g6.} e5 8. d3 Nxf3+ 9. Qxf3 d6 10. Bg5 Be7 11. Bxf6 {[%emt 0:00:10] [#] Black got outplayed after the opening.   Weighted Error Value: White=0.05 (flawless) /Black=0.02 (flawless)} {Predecessor:} Bxf6 $146 12. Nd5 Qd8 13. a4 Bg5 14. a5 Bd2 15. Red1 Bxa5 16. c3 O-O 17. d4 cxd4 18. cxd4 {0-1 Tanenbaum,Z (2261)-Aaditya,D (2065) Titled Tuesday intern op 21st Mar Early blitz 2023 (9)} 1/2-1/2

[Event "Romanian GP Final KO 2023"]
[Site "Alba Iulia"]
[Date "2023.12.05"]
[Round "3.2"]
[White "Nanu, Costica-Ciprian"]
[Black "Ardelean, George-Catalin"]
[Result "1-0"]
[ECO "D32"]
[WhiteElo "2524"]
[BlackElo "2433"]
[Annotator "RC"]
[PlyCount "71"]
[EventDate "2023.12.04"]
[EventType "k.o."]
[EventCountry "ROU"]
[SourceTitle "playchess.com"]
[Source "ChessBase"]
[SourceQuality "1"]
[TimeControl "900+5"]

1. c4 e6 2. Nf3 d5 3. e3 Nf6 4. b3 c5 5. Bb2 Nc6 6. cxd5 exd5 7. Nc3 Bd6 8. Be2 O-O 9. d4 cxd4 10. Nxd4 a6 11. O-O Qe7 12. Na4 Be6 13. Nxc6 bxc6 14. Rc1 Bd7 15. Nb6 Ra7 16. Nxd7 Qxd7 17. Bxf6 gxf6 18. Bd3 Kg7 19. Qh5 Rh8 20. Bf5 Qe8 21. Rc2 Rc7 22. Rd1 Qe5 23. g3 Kf8 24. Kg2 Rg8 25. Qxh7 Rg5 26. f4 Qxf5 27. Qxf5 Rxf5 28. g4 Bxf4 29. gxf5 Bxe3 30. Rxd5 c5 31. Rd8+ Ke7 32. Ra8 Bd4 33. Rxa6 Rc8 34. Re2+ Kd7 35. Kf3 Rh8 36. Ke4 1-0

[Event "Romanian GP Final KO 2023"]
[Site "Alba Iulia"]
[Date "2023.12.05"]
[Round "3.2"]
[White "Ghimpu, Samuel-Timotei"]
[Black "Obada, Ema"]
[Result "1/2-1/2"]
[ECO "B15"]
[WhiteElo "2472"]
[BlackElo "2035"]
[Annotator "RC"]
[PlyCount "114"]
[EventDate "2023.12.04"]
[EventType "k.o."]
[EventCountry "ROU"]
[SourceTitle "playchess.com"]
[Source "ChessBase"]
[SourceQuality "1"]
[TimeControl "900+5"]

1. e4 c6 2. d4 d5 3. Nc3 dxe4 4. Nxe4 Nf6 5. Nxf6+ exf6 6. Be3 Bd6 7. Bd3 O-O 8. Ne2 Re8 9. O-O Nd7 10. Ng3 g6 11. c4 Nf8 12. Ne4 Bc7 13. d5 Bf5 14. Nc3 Bxd3 15. Qxd3 Nd7 16. dxc6 bxc6 17. Rfd1 Ne5 18. Qxd8 Bxd8 19. b3 Ba5 20. Na4 Ng4 21. Bd4 Re2 22. h3 Ne5 23. Nc3 Rc2 24. Ne4 Kg7 25. Nxf6 Kxf6 26. f4 Bc3 27. fxe5+ Ke6 28. Bxc3 Rxc3 29. Rd6+ Kxe5 30. Rxc6 f5 31. Rd1 Rc2 32. Rc7 h5 33. a4 Kf4 34. Rf1+ Kg5 35. Rf2 Rc1+ 36. Rf1 Rc3 37. Rf3 Rc1+ 38. Rf1 Rc3 39. Rf3 Rxf3 40. gxf3 Rb8 41. Rxa7 Rxb3 42. Kf2 Kf4 43. Rg7 Rb4 44. Rxg6 Rxa4 45. c5 Rc4 46. c6 Rc2+ 47. Ke1 Kxf3 48. Kd1 Rc5 49. Kd2 Ke4 50. Re6+ Kd5 51. Rf6 Ke4 52. Re6+ Kd5 53. Rf6 Ke5 54. Rh6 h4 55. Kd3 Rc1 56. Kd2 Rc4 57. Kd3 Rc1 1/2-1/2

[Event "Romanian GP Final KO 2023"]
[Site "Alba Iulia"]
[Date "2023.12.05"]
[Round "3.2"]
[White "Toma, Radu-Cristian"]
[Black "Ciolacu, Alessia-Mihaela"]
[Result "1-0"]
[ECO "E33"]
[WhiteElo "2387"]
[BlackElo "2175"]
[Annotator "RC"]
[PlyCount "99"]
[EventDate "2023.12.04"]
[EventType "k.o."]
[EventCountry "ROU"]
[SourceTitle "playchess.com"]
[Source "ChessBase"]
[SourceQuality "1"]
[TimeControl "900+5"]

1. Nf3 Nf6 2. c4 e6 3. d4 Bb4+ 4. Bd2 Qe7 5. Nc3 O-O 6. Qc2 d6 7. a3 Bxc3 8. Bxc3 Nc6 9. e3 a5 10. Be2 e5 11. d5 Nb8 12. b4 axb4 13. axb4 Rxa1+ 14. Bxa1 Na6 15. Bc3 Bg4 16. O-O Nd7 17. h3 Bh5 18. Nxe5 Nxe5 19. Bxh5 Qh4 20. Bxe5 Qxh5 21. Bb2 Re8 22. e4 Qg6 23. f3 h5 24. Qa4 Rd8 25. Qb5 Qg5 26. Qxb7 Qd2 27. Qxa6 Qxb2 28. Qa7 Qxb4 29. Qxc7 Ra8 30. Qc6 Rb8 31. Qc7 Ra8 32. Qc6 Rb8 33. Qc7 Ra8 34. Qc6 Ra2 35. Qe8+ Kh7 36. Qxf7 Qb6+ 37. Kh1 Kh6 38. Qf4+ Kh7 39. e5 Qb2 40. Qe4+ Kh6 41. f4 dxe5 42. fxe5 Qd2 43. Qf4+ Qxf4 44. Rxf4 Re2 45. e6 Kg6 46. h4 Re5 47. Rd4 Kf6 48. d6 Re1+ 49. Kh2 Kxe6 50. d7 1-0

[Event "Romanian GP Final KO 2023"]
[Site "Alba Iulia"]
[Date "2023.12.05"]
[Round "3.2"]
[White "David, Alexandru-Vasile"]
[Black "Secheres, Adrian-Simion"]
[Result "1/2-1/2"]
[ECO "C55"]
[WhiteElo "2372"]
[BlackElo "2381"]
[Annotator "RC"]
[PlyCount "58"]
[EventDate "2023.12.04"]
[EventType "k.o."]
[EventCountry "ROU"]
[SourceTitle "playchess.com"]
[Source "ChessBase"]
[SourceQuality "1"]
[TimeControl "900+5"]

1. e4 e5 2. Nf3 Nc6 3. Bc4 Nf6 4. d3 Be7 5. O-O O-O 6. Nc3 d6 7. a4 a5 8. Nd5 Nxd5 9. exd5 Nd4 10. Nxd4 exd4 11. Qf3 Bf6 12. Re1 Re8 13. Bd2 Bd7 14. Bb5 Rxe1+ 15. Rxe1 Bxb5 16. axb5 Qd7 17. Qe4 h5 18. Qf3 Qxb5 19. Bc1 Re8 20. Re4 Rxe4 21. Qxe4 Qc5 22. Qe8+ Kh7 23. Qxf7 Qxc2 24. Qxh5+ Kg8 25. Qe8+ Kh7 26. Qh5+ Kg8 27. Qe8+ Kh7 28. Qh5+ Kg8 29. Qe8+ Kh7 1/2-1/2

[Event "Romanian GP Final KO 2023"]
[Site "Alba Iulia"]
[Date "2023.12.05"]
[Round "3.3"]
[White "Lupulescu, Constantin"]
[Black "Serban, Cristian-Stefan"]
[Result "1-0"]
[ECO "E53"]
[WhiteElo "2581"]
[BlackElo "2332"]
[Annotator "TA"]
[PlyCount "101"]
[EventDate "2023.12.04"]
[EventType "k.o."]
[EventCountry "ROU"]
[SourceTitle "playchess.com"]
[Source "ChessBase"]
[SourceQuality "1"]
[TimeControl "900+5"]

1. d4 Nf6 2. c4 e6 3. Nc3 Bb4 4. e3 O-O 5. Bd3 d5 6. a3 Bxc3+ 7. bxc3 dxc4 8. Bxc4 c5 9. Nf3 Qc7 10. Be2 b6 11. O-O {[%emt 0:00:09] 11.Bb2 is the fancy move.} Bb7 12. Bb2 Nbd7 13. Nd2 {[%emt 0:00:36] E53: Nimzo-Indian: Rubinstein: Main Line (4...0-0 5 Nf3 d5 6 Bd3 c5 7 0-0).} Rfd8 14. Qb3 {[%emt 0:00:17] [#]} e5 $146 ({Predecessor:} 14... Rac8 15. Rfd1 Bd5 16. c4 Bb7 17. a4 cxd4 18. exd4 e5 19. d5 Nc5 20. Qe3 Re8 {½-½ Lupulescu,C (2584)-Martinez Alcantara,J (2619) Julius Baer Play In rapid 2023 (1.18)}) 15. Rac1 {[%emt 0:00:11] White has an edge.} exd4 ({Don't do} 15... Qc6 16. e4 $14) 16. cxd4 Bd5 ({Don't play} 16... Qc6 17. e4 $16) 17. Qc2 Qb7 18. f3 {[%emt 0:00:10] Threatens to win with e4.} Rac8 19. Qb1 cxd4 20. Bxd4 Be6 21. Qb2 Ne8 22. Ne4 Rxc1 23. Rxc1 Rc8 24. Bb5 {[%emt 0:00:11] A strong pair of Bishops.} Bd5 25. Nc3 {[%emt 0:00:08] Hoping for Nxd5.} Bc6 26. Bd3 Nd6 $2 {[%emt 0:00:26] [#]} (26... Nf8 $11) 27. Ne2 (27. Bxg7 $1 $18 {is more deadly. Black must now prevent Bh6.} f6 28. Bh6) 27... f6 28. Nf4 Ba4 {[%emt 0:00:14] Prevents Qb3+.} 29. Qa2+ Kh8 30. Rxc8+ Qxc8 31. Qd5 {[%emt 0:00:16] Wards off Nc5} (31. Qe6 {looks sharper.} Qc1+ 32. Kf2 Qxa3 33. Qe7) 31... Qc6 32. Qh5 {[%emt 0:00:08][%csl Gd3][%cal Rh5h7] Wards off Ne5. White is much more active.} (32. Qe6 {is more complex.} Qc1+ 33. Kf2 Qxa3 34. Qe7) 32... Nf8 {[%emt 0:00:11] [#]} 33. Kf2 (33. Bxh7 $1 $16 Qb5 34. Bf5+ Kg8 35. Nd5 Nxf5 36. Qxf5) 33... Qe8 (33... Bc2 $1 $11 34. Bxc2 Qxc2+ 35. Kg3 Nf5+ 36. Kg4 (36. Kh3 Kg8 $15) 36... Nxd4 37. exd4 g6) 34. Qd5 (34. Qxe8 {simplifies} Bxe8 35. e4 Nd7 36. Ne6) 34... Qc6 35. Qa2 {[%emt 0:00:11] Threatening Nd5.} Bb5 36. Bc2 Bc4 37. Qb1 Bg8 38. Bd3 Nc4 39. Qb4 Qd6 40. Qxd6 (40. h4 {with more complications.} Bf7 41. g4 h6 42. Bc3) 40... Nxd6 41. e4 Ne6 42. Nxe6 Bxe6 $14 {[%emt 0:00:06][%mdl 4096] Endgame KBB-KBN} 43. Bc3 Bc4 44. Bc2 Nb5 45. Bb4 Kg8 46. a4 Nd4 47. Bd1 a5 48. Bd2 (48. Ba3 $14) 48... Bb3 $2 (48... Ne6 $1 $11 {and Black stays safe.}) 49. Bxb3+ $18 Nxb3 50. Be3 Nd2 $2 (50... Nc5 $2 51. Bxc5 bxc5 52. Ke2) (50... b5 51. axb5 a4) 51. Bxd2 {[%emt 0:00:07] Weighted Error Value: White=0.14 (very precise) /Black=0.31} 1-0

[Event "Romanian GP Final KO 2023"]
[Site "Alba Iulia"]
[Date "2023.12.05"]
[Round "3.3"]
[White "Gavrilescu, David"]
[Black "Petkov, Momchil"]
[Result "1-0"]
[ECO "B20"]
[WhiteElo "2534"]
[BlackElo "2499"]
[Annotator "TA"]
[PlyCount "63"]
[EventDate "2023.12.04"]
[EventType "k.o."]
[EventCountry "ROU"]
[SourceTitle "playchess.com"]
[Source "ChessBase"]
[SourceQuality "1"]
[TimeControl "900+5"]

1. e4 c5 2. b3 Nf6 3. e5 Nd5 4. Nf3 g6 5. Bb2 Bg7 6. d4 {[%emt 0:00:20] B20: Sicilian: Unusual White 2nd moves.} cxd4 (6... Qa5+ $1 $15 7. Qd2 Qxd2+ 8. Nbxd2 cxd4) 7. Qxd4 $11 Nc7 (7... Nb6 $11 {remains equal.}) 8. Nbd2 {[%emt 0:00:11] White has more active pieces.} (8. Nc3 $16) 8... Nc6 {[%emt 0:00:07] [#]} 9. Qf4 $146 (9. Qh4 $11) ({Predecessor:} 9. Qh4 a5 10. a4 d5 11. O-O-O Bf5 12. g4 Bd7 13. Kb1 Rc8 14. Bb5 Nxb5 15. axb5 {0-1 Muromtsev,A (2161)-Pavlidis,A (2536) Titled Tuesday intern op 17th Nov blitz 2020 (1)}) 9... Ne6 10. Qg3 Qa5 11. Be2 (11. a3 $11) 11... d6 $17 12. O-O Nxe5 13. Nc4 Nxf3+ 14. Bxf3 Qc7 15. Bxg7 Nxg7 16. Rfe1 O-O 17. h4 Be6 (17... Nf5 $5 18. Qg5 f6 $15) 18. Ne3 Qb6 19. h5 Rfe8 (19... Qc7 $11) 20. h6 Nf5 21. Nxf5 Bxf5 22. c4 Rad8 (22... f6 $11) 23. Rad1 (23. Qh4 $14 Kf8 24. Bd5) 23... e5 $2 {[%emt 0:00:18][%mdl 8192] A mistake that costs the game.} (23... f6 $1 $11 {and Black has nothing to worry.}) 24. Qg5 $18 d5 25. Bxd5 {[%emt 0:00:07][%cal Oc4c5] c5! would be deadly.} ({Less strong is} 25. cxd5 Qd6 $14) 25... Kf8 $2 {[%emt 0:00:14] [#]} (25... Rd6 26. g4 Rxd5) 26. c5 $1 {[%emt 0:00:15][%mdl 576] Deflection. White is clearly winning.} Qxc5 {[%emt 0:00:17] [#]} (26... f6 27. Qxf5) 27. Qf6 $1 {[%emt 0:00:07][%csl Gd5][%cal Rf6f7][%mdl 64] Double Attack} Rxd5 28. Rxd5 Qxd5 29. Qg7+ Ke7 30. Rxe5+ Qxe5 31. Qxe5+ Be6 32. Qc5+ {[%emt 0:00:06] Weighted Error Value: White=0.24 (precise) /Black=0.64} 1-0